 Dungeon Crawl Stone Soup version 0.21.1-1-g345015f (webtiles) character file.

916 grindst0ne the Fighter (level 8, -4/63 HPs)
             Began as a Human Berserker on Feb 28, 2018.
             Was a Priest of Trog.
             Shot with an arrow by a centaur (15 damage)
             ... on level 6 of the Dungeon.
             The game lasted 00:08:06 (4905 turns).

grindst0ne the Fighter (Human Berserker)            Turns: 4905, Time: 00:08:07

Health: -4/63      AC:  6    Str: 21    XL:     8   Next: 30%
Magic:  8/8        EV: 12    Int:  8    God:    Trog [***...]
Gold:   323        SH:  0    Dex: 13    Spells: 7/7 levels left

rFire    . . .     SeeInvis .   y - +0 broad axe
rCold    . . .     Gourm    +   (no shield)
rNeg     . . .     Faith    .   r - +0 leather armour
rPois    .         Spirit   .   q - +2 hat
rElec    .         Reflect  .   (no cloak)
rCorr    .         Harm     .   f - +0 pair of gloves (curse)
MR       .....                  (no boots)
Stlth    +.........             o - amulet of the gourmand
HPRegen  0.20/turn              s - ring of flight
MPRegen  0.11/turn              (no ring)

@: no status effects
A: frail 1, strong 1
a: Berserk, Trog's Hand, Burn Spellbooks, Renounce Religion, Evoke Flight


You were on level 6 of the Dungeon.
You worshipped Trog.
Trog was most pleased with you.
You were very full.

You visited 1 branch of the dungeon, and saw 6 of its levels.

You collected 323 gold pieces.

Inventory:

Hand Weapons
 a - a +0 hand axe
 y - a +0 broad axe (weapon)
Armour
 b - a +0 animal skin
 f - a cursed +0 pair of gloves (worn)
 q - a +2 hat (worn)
 r - a +0 leather armour (worn)
Jewellery
 h - an uncursed ring of fire
 o - an amulet of the gourmand (around neck)
 s - a ring of flight (left hand)
Scrolls
 d - 11 scrolls of identify {unknown}
 e - 2 scrolls of remove curse {unknown}
 g - a scroll of enchant armour {unknown}
 i - 2 scrolls of immolation {unknown}
 j - 3 scrolls of fog {unknown}
 p - 3 scrolls of fear {unknown}
 v - a scroll of amnesia {unknown}
 A - a scroll of noise {unknown}
Potions
 k - 2 potions of agility {unknown}
 l - a potion of flight {unknown}
 m - 2 potions of mutation
 n - a potion of brilliance {unknown}
 t - 2 potions of curing {unknown}
 u - a potion of might {unknown}
 w - 2 potions of degeneration {unknown}
 x - 2 potions of lignification {unknown}
 z - a potion of magic {unknown}
Comestibles
 c - 12 rations


   Skills:
 - Level 9.3 Fighting
 * Level 3.4 Axes
 - Level 2.0 Armour
 - Level 2.0 Dodging


You had 7 spell levels left.
You didn't know any spells.

Dungeon Overview and Level Annotations

Branches:
Dungeon (6/15)             Temple (0/1) D:5

Altars:
Ashenzari
Gozag
Nemelex Xobeh
Qazlal
Wu Jian
Yredelemnul
The Shining One

Annotations:
D:6 MenacingMecha's ghost, novice TeFE


Innate Abilities, Weirdness & Mutations

You are frail. (-10% HP)
Your muscles are strong. (Str +2)


Message History

MenacingMecha's ghost turns its malevolent gaze towards you.
You hear a shout!
A centaur comes into view.
The centaur wields a shortbow.
The centaur shoots an arrow.
The arrow closely misses you.
A killer bee zombie comes into view.
You hit the centaur.
The centaur is moderately wounded.
You barely miss MenacingMecha's ghost.
The centaur unwields an uncursed shortbow.
The centaur barely misses you.
MenacingMecha's ghost points at you and mumbles some strange words.
The flame tongue hits you! The centaur hits you!
MenacingMecha's ghost hits you but does no damage.
You are electrocuted!
* * * LOW HITPOINT WARNING * * *
The centaur closely misses you. The centaur barely misses you.
The centaur wields an uncursed shortbow.
The centaur shoots an arrow.
The arrow hits you!
You die...

#. #.####
#.#.. ##.#.#
#....##
#.#.<.#
#.....#######
##...........
#(..@.##.####
###.....# #
#....ZWc#
#...........#
#........####
...##..>###
### #...#
##.## #.


You could see a centaur, MenacingMecha's ghost and a killer bee zombie.

Vanquished Creatures
  Pikel (D:4)
  A sky beast (D:3)
  4 slaves (D:4)
  A centaur (D:4)
  2 crimson imps
  A hound (D:4)
  Jessica (D:2)
  An iguana (D:4)
  A mummy (D:5)
  5 adders
  2 worms
  3 dart slugs
  4 leopard geckos
  5 orcs
  A ball python (D:3)
  9 giant cockroaches
  3 goblins
  6 hobgoblins
  11 jackals
  4 quokkas
  6 bats
  4 frilled lizards
  A hobgoblin zombie (D:5)
  9 kobolds
  A kobold zombie (D:5)
  2 orc zombies (D:5)
  A quokka skeleton (D:4)
  5 rats
95 creatures vanquished.

Notes
Turn   | Place    | Note
-------+----------+-------------------------------------------
     0 | D:1      | grindst0ne the Human Berserker began the quest for the Orb.
     0 | D:1      | Reached XP level 1. HP: 18/18 MP: 1/1
   159 | D:1      | Reached XP level 2. HP: 15/24 MP: 2/2
   409 | D:1      | Reached skill level 4 in Fighting
   409 | D:1      | Reached XP level 3. HP: 30/30 MP: 3/3
   801 | D:2      | Reached ** piety under Trog
   960 | D:2      | Noticed Jessica
   997 | D:2      | Reached XP level 4. HP: 18/38 MP: 4/4
  1454 | D:2      | Found an opulent altar of Gozag.
  1497 | D:2      | Killed Jessica
  1497 | D:2      | Reached skill level 5 in Fighting
  1661 | D:2      | Found a sparkling altar of Nemelex Xobeh.
  1662 | D:2      | Found a basalt altar of Yredelemnul.
  1678 | D:2      | Gained mutation: You are frail. (-10% HP) [potion of mutation]
  1678 | D:2      | Gained mutation: Your muscles are strong. (Str +2) [potion of mutation]
  1680 | D:2      | Reached XP level 5. HP: 10/39 MP: 5/5
  2061 | D:3      | Noticed a sky beast
  2075 | D:3      | Killed a sky beast
  2075 | D:3      | Reached skill level 6 in Fighting
  2075 | D:3      | Reached XP level 6. HP: 9/46 MP: 6/6
  2936 | D:3      | Found a glowing golden altar of the Shining One.
  3352 | D:4      | Reached skill level 7 in Fighting
  3356 | D:4      | Reached *** piety under Trog
  3465 | D:4      | Reached XP level 7. HP: 48/54 MP: 7/7
  3479 | D:4      | Found an ornate altar of the Wu Jian Council.
  3997 | D:4      | Noticed Pikel
  4009 | D:4      | Killed Pikel
  4009 | D:4      | Reached skill level 9 in Fighting
  4009 | D:4      | Reached XP level 8. HP: 63/63 MP: 8/8
  4408 | D:5      | Entered Level 5 of the Dungeon
  4411 | D:5      | Found an opulent altar of Gozag.
  4516 | D:5      | Found a staircase to the Ecumenical Temple.
  4553 | D:5      | Found a shattered altar of Ashenzari.
  4659 | D:5      | Found a stormy altar of Qazlal.
  4900 | D:6      | Noticed MenacingMecha's ghost (novice TeFE)
  4905 | D:6      | Shot with an arrow by a centaur

Skill      XL: |  1  2  3  4  5  6  7 |
---------------+----------------------+-----
Fighting       | 4 5 6 7 9 |  9.3
Axes           | |  3.4
Armour         | |  2.0
Dodging        | |  2.0

Action                   |  1- 3 |  4- 6 |  7- 9 || total
-------------------------+-------+-------+-------++-------
Melee: Hand axe          |   122 |   201 |    84 ||   407
       Broad axe         |       |       |     9 ||     9
Invok: Berserk           |     3 |     3 |     4 ||    10
       Burn Spellbooks   |       |       |     1 ||     1
  Use: Potion            |     1 |     1 |       ||     2
 Stab: Sleeping          |     1 |     2 |       ||     3
  Eat: Chunk             |     2 |    23 |     8 ||    33
Armor: Animal skin       |    18 |    39 |       ||    57
       Leather armour    |       |    23 |    30 ||    53
Dodge: Dodged            |    92 |   120 |    51 ||   263
